 Dungeon Crawl Stone Soup version 0.27.0-1-g7a089689b8 (webtiles) character file.

Game seed: 17622015043515650362

650864 Lochraine the Tortoise (level 27, -2/155 HPs)
             Began as a Vine Stalker Venom Mage on Aug 12, 2021.
             Was the Champion of Okawaru.
             Slain by a tentacled monstrosity (5 damage)
             ... on level 3 of the Realm of Zot.
             The game lasted 03:33:35 (48418 turns).

Lochraine the Tortoise (Vine Stalker Venom Mage)   Turns: 48418, Time: 03:33:36

Health: -2/155     AC: 17    Str: 20    XL:     27
Magic:  0/26       EV: 12    Int: 14    God:    Okawaru [******]
Gold:   5508       SH: 25    Dex: 26    Spells: 28/38 levels left

rFire    + + +     SeeInvis .   I - +9 demon blade (elec)
rCold    + + +     Faith    .   G - +5 kite shield {AC+3}
rNeg     + + +     Spirit   +   l - +16 shadow dragon scales "Lan Zegg" {Slay+6 Stlth++++}
rPois    +         Reflect  +   s - +1 helmet of Noujienk {rC+ rN+}
rElec    +         Harm     .   X - scarf {rC+ rF+}
rCorr    +         Rampage  .   A - +3 pair of gloves of Valour {Regen+ Dex+7}
Will     +++++                  c - +2 pair of boots {Stlth+}
Stlth    +++++++...             i - amulet "Roshru" {Reflect rElec Will+ Str+2 Int-3 SH+5}
HPRegen  2.35/turn              f - ring "Lougg" {rPois rN++ Will++ MP-9}
MPRegen  0.20/turn              L - ring "Cisitow" {rF+ rN+}

@: about to teleport, resistant, corroded, constricted, studying 4 skills
A: fangs 3, regeneration 1, magic shield, antimagic bite, no potion heal 2,
deterioration 1
}: 4/15 runes: serpentine, barnacled, silver, abyssal
a: Renounce Religion, Heroism, Finesse


You were on level 3 of the Realm of Zot.
You worshipped Okawaru.
Okawaru was exalted by your worship.
You visited 8 branches of the dungeon, and saw 45 of its levels.
You visited the Abyss 1 time.
You also visited: Ossuary and Bailey.

You collected 8773 gold pieces.
You spent 3265 gold pieces at shops.

Inventory:

Hand Weapons
 t - the +9 double sword of the Blessed Realm {vorpal, rF- rN+++ Dex+3}
   (Okawaru gifted it to you on level 2 of the Depths)

   It inflicts extra damage upon your enemies.
   Dex:       It affects your dexterity (+3).
   rF:        It makes you vulnerable to fire.
   rN:        It renders you almost immune to negative energy.
 I - a +9 demon blade of electrocution (weapon)
   (Okawaru gifted it to you on level 13 of the Dungeon)
Missiles
 a - 59 atropa-tipped darts
 h - 12 silver boomerangs
 n - 14 silver javelins
 o - 13 curare-tipped darts
 J - 49 boomerangs
 M - 15 throwing nets {!f}
 T - 122 poisoned darts
 W - 42 javelins (quivered)
 Z - 12 datura-tipped darts
Armour
 c - a +2 pair of boots of stealth (worn)
   (Okawaru gifted it to you on level 4 of the Snake Pit)
 l - the +16 shadow dragon scales "Lan Zegg" (worn) {Slay+6 Stlth++++}
   (You bought it in a shop on level 2 of the Orcish Mines)

   Slay:      It affects your accuracy & damage with ranged weapons and melee
   (+6).
   Stlth:     It makes you much more stealthy.
 s - the +1 helmet of Noujienk (worn) {rC+ rN+}
   (You found it on level 2 of the Depths)

   rC:        It protects you from cold.
   rN:        It protects you from negative energy.
 A - the +3 pair of gloves of Valour (worn) {Regen+ Dex+7}
   (Okawaru gifted it to you on level 13 of the Dungeon)

   Dex:       It affects your dexterity (+7).
   Regen:     It increases your rate of health regeneration.
 G - a +5 kite shield of protection (worn)
   (Okawaru gifted it to you on level 4 of the Lair of Beasts)
 X - a scarf of resistance (worn)
   (You bought it in a shop on level 1 of the Vaults)
Jewellery
 f - the ring "Lougg" (left hand) {rPois rN++ Will++ MP-9}
   (You acquired it on level 11 of the Dungeon)

   [ring of poison resistance]

   rPois:     It protects you from poison.
   rN:        It greatly protects you from negative energy.
   MP:        It affects your magic capacity (-9).
   Will:      It greatly increases your willpower.
 i - the amulet "Roshru" (around neck) {Reflect rElec Will+ Str+2 Int-3 SH+5}
   (You found it on level 2 of the Lair of Beasts)

   [amulet of reflection]

   It reflects blocked missile attacks.
   Str:       It affects your strength (+2).
   Int:       It affects your intelligence (-3).
   rElec:     It insulates you from electricity.
   SH:        It affects your SH (+5).
   Will:      It increases your willpower.
 j - the ring of the Tortoise {AC+8}
   (You found it on level 5 of the Vaults)

   [ring of protection]

   AC:        It affects your AC (+8).
 m - a ring of flight
   (You found it on level 3 of the Dungeon)
 z - a ring of see invisible
   (You found it on level 8 of the Dungeon)
 K - a ring of magical power
   (You found it on level 4 of the Dungeon)
 L - the ring "Cisitow" (right hand) {rF+ rN+}
   (You took it off a vault sentinel on level 3 of the Vaults)

   [ring of protection from fire]

   rF:        It protects you from fire.
   rN:        It protects you from negative energy.
Wands
 d - a wand of iceblast (45)
   (You found it on level 1 of the Snake Pit)
 r - a wand of charming (14)
   (You found it on level 11 of the Dungeon)
 u - a wand of paralysis (56)
   (You found it on level 9 of the Dungeon)
 v - a wand of digging (7)
   (You found it on level 3 of the Lair of Beasts)
 x - a wand of acid (7)
   (You found it on level 2 of the Dungeon)
 y - a wand of mindburst (82)
   (You found it on level 6 of the Dungeon)
 O - a wand of polymorph (33)
   (You took it off Maggie on level 7 of the Dungeon)
Scrolls
 b - 33 scrolls of identify {@r1}
 k - a scroll of summoning
 p - 4 scrolls of immolation {!r}
 w - 8 scrolls of amnesia
 D - 5 scrolls of fog
 E - 6 scrolls of teleportation {@r4}
 P - 5 scrolls of fear
 Q - 2 scrolls of silence
 S - 3 scrolls of magic mapping
 V - 5 scrolls of blinking
Potions
 e - 8 potions of magic
 g - 13 potions of lignification {!q}
 q - 25 potions of curing {@q1}
 B - 6 potions of might
 C - 2 potions of invisibility
 F - 3 potions of ambrosia
 H - 3 potions of resistance
 N - 6 potions of cancellation
 R - 6 potions of brilliance
 Y - 4 potions of attraction {!q}
Miscellaneous
 U - a phantom mirror
   (You found it on level 3 of the Depths)


   Skills:
 + Level 19.4 Fighting
 - Level 14.0 Long Blades
 + Level 17.1 Throwing
 + Level 19.7 Armour
 - Level 8.2 Dodging
 - Level 10.6 Stealth
 - Level 15.0 Shields
 - Level 6.4 Spellcasting
 - Level 4.4 Transmutations
 - Level 4.8 Fire Magic
 - Level 9.3 Poison Magic
 - Level 14.7 Invocations
 + Level 14.0 Evocations


You had 28 spell levels left.
You knew the following spells:

 Your Spells              Type           Power      Damage    Failure   Level
a - Sting                 Tmut/Pois      92%        1d7       3%          1
b - Poisonous Vapours     Pois/Air       34%        N/A       14%         2
c - Ignite Poison         Fire/Tmut/Pois 21%        N/A       14%         3
d - Olgreb's Toxic Radia  Pois           30%        N/A       13%         4

Your spell library contained the following spells:

 Spells                   Type           Power      Damage    Failure   Level
 Beastly Appendage        Tmut           32%        N/A       10%         1
 Spider Form              Tmut/Pois      11%        N/A       11%         3
 Wereblood                Tmut           16%        N/A       16%         2
 Foxfire                  Conj/Fire      44%        2x1d6     22%         1
 Mephitic Cloud           Conj/Pois/Air  13%        N/A       45%         3
 Apportation              Tloc           8%         N/A       52%         1
 Freeze                   Ice            16%        1d4       52%         1
 Magic Dart               Conj           16%        1d3       52%         1
 Pain                     Necr           16%        1d4       52%         1
 Shock                    Conj/Air       16%        1d4       52%         1
 Conjure Flame            Conj/Fire      11%        6-21      56%         3
 Inner Flame              Hex/Fire       11%        N/A       56%         3
 Call Imp                 Summ           4%         N/A       67%         2
 Corpse Rot               Necr/Air       N/A        N/A       67%         2
 Searing Ray              Conj           8%         3d3       67%         2
 Sublimation of Blood     Necr           2%         N/A       67%         2
 Alistair's Intoxication  Tmut/Pois      15%        N/A       71%         5
 Dazzling Flash           Conj/Hex       8%         N/A       88%         3
 Frozen Ramparts          Ice            8%         1d2       88%         3
 Gell's Gravitas          Tloc           2%         N/A       88%         3
 Portal Projectile        Hex/Tloc       8%         N/A       88%         3
 Stone Arrow              Conj/Erth      8%         3d7       88%         3
 Swiftness                Air            4%         N/A       88%         3
 Teleport Other           Tloc           4%         N/A       88%         3
 Sticky Flame             Conj/Fire      11%        2d3       92%         4
 Ice Form                 Ice/Tmut       10%        N/A       94%         4
 Petrify                  Tmut/Erth      10%        N/A       94%         4
 Blade Hands              Tmut           8%         N/A       95%         5
 Airstrike                Air            2%         N/A       99%         4
 Animate Armour           Summ/Erth      8%         N/A       99%         4
 Animate Dead             Necr           2%         N/A       99%         4
 Fulminant Prism          Conj/Hex       2%         3d6       99%         4
 Hailstorm                Conj/Ice       4%         3d4       99%         4
 Iskenderun's Mystic Bla  Conj/Tloc      4%         2d3       99%         4
 Summon Ice Beast         Ice/Summ       4%         N/A       99%         4
 Fireball                 Conj/Fire      5%         3d5       99%         5
 Eringya's Noxious Bog    Tmut/Pois      11%        N/A       99%         6
 Agony                    Necr           4%         N/A       100%        5
 Bolt of Magma            Conj/Fire/Erth 4%         4d5       100%        5
 Borgnjor's Vile Clutch   Necr/Erth      2%         N/A       100%        5
 Excruciating Wounds      Necr           2%         N/A       100%        5
 Freezing Cloud           Conj/Ice/Air   2%         6-21      100%        5
 Irradiate                Conj/Tmut      5%         3d15      100%        5
 Iskenderun's Battlesphe  Conj           4%         2d6       100%        5
 Metabolic Englaciation   Hex/Ice        2%         N/A       100%        5
 Conjure Ball Lightning   Conj/Air       2%         3x3d6     100%        6
 Death Channel            Necr           2%         N/A       100%        6
 Dispersal                Tloc           2%         N/A       100%        6
 Invisibility             Hex            2%         N/A       100%        6
 Simulacrum               Ice/Necr       2%         N/A       100%        6
 Starburst                Conj/Fire      5%         8x6d4     100%        6
 Statue Form              Tmut/Erth      6%         N/A       100%        6
 Dragon Form              Tmut           8%         N/A       100%        7
 Orb of Destruction       Conj           2%         9d1       100%        7
 Summon Hydra             Summ           2%         N/A       100%        7
 Ignition                 Fire           9%         3d5       100%        8
 Lehudib's Crystal Spear  Conj/Erth      2%         10d2      100%        8
 Dragon's Call            Summ           2%         N/A       100%        9
 Polar Vortex             Ice            2%         N/A       100%        9
 Shatter                  Erth           2%         3d6*      100%        9


Dungeon Overview and Level Annotations

Branches:
Dungeon (15/15)            Temple (0/1) D:7            Lair (5/6) D:9
 Shoals (4/4) Lair:2        Snake (4/4) Lair:2        Slime (0/5) Lair:5
    Orc (2/2) D:12            Elf (0/3) Orc:2        Vaults (5/5) D:13
  Crypt (0/3) Vaults:3     Depths (5/5) D:15            Zot (5/5) Depths:5
Ossuary (visited)          Bailey (visited)

Altars:
Ashenzari
Cheibriados
Elyvilon
Gozag
Okawaru
Uskayaw
Vehumet
Wu Jian
Xom
Zin
Beogh
Jiyva

Shops:
D:4 *   Orc:1 ?   Orc:2 :*[((   Shoals:1 !   Snake:3 =!(   Vaults:1 [**[
Vaults:2 *   Vaults:3 !   Depths:4 [!   Depths:5 ==:

Portals:
Hell: Depths:1 Depths:2 Depths:3 Depths:4 Depths:5
Abyss: Depths:1 Depths:2 Depths:4
Pandemonium: Depths:3
Ziggurat: Depths:1
Trove: Depths:1 (give horn of Geryon)

Annotations:
D:4 Edmund
D:11 exclusion: hydra
D:13 exclusion: obsidian statue
Lair:1 2 transporters
Shoals:2 1 transporter
Orc:2 3 runed translucent doors, jujuben's ghost, journeyman HOGl
Depths:5 2 runed translucent doors, Imio's ghost, adept DgCj
Zot:2 exclusion: 4 oklob plants


Innate Abilities, Weirdness & Mutations

You have razor-sharp teeth.
Your natural rate of healing is unusually fast.
When hurt, damage is shared between your health and your magic reserves.
Your bite disrupts and absorbs the magic of your enemies.
Potions cannot restore your health.
Your body sometimes deteriorates upon taking damage.


Message History

You block the acid blob's attack.
Okay, then.
Okay, then.
Okay, then.
Here: an acid blob The floor.
Unknown command.
Okay, then.
Unknown command.
Unknown command.
The acid blob spits acid at you. The splash of acid hits you.
* * * LOW HITPOINT WARNING * * *
The acid corrodes you!
You are splashed with acid!!
* * * LOW HITPOINT WARNING * * *
The acid blob spits acid at you.
The splash of acid hits you but does no damage.
The acid corrodes you!
You are splashed with acid!
* * * LOW HITPOINT WARNING * * *
You are confused.
Your system rejects the healing.
You feel invigorated.
The tentacled monstrosity tentacle-slaps you but does no damage. x2
The tentacled monstrosity barely misses you.
The tentacled monstrosity grabs you.
* * * LOW HITPOINT WARNING * * *
The tentacled monstrosity constricts you.
Okay, then.
Unknown command.
Unknown command.
Okay, then.
Unknown command.
Unknown command.
Unknown command.
You feel protected. The acid blob closely misses you.
The acid blob jiggles.
The acid blob misses you.
The tentacled monstrosity closely misses you.
The tentacled monstrosity misses you. x2
* * * LOW HITPOINT WARNING * * *
The tentacled monstrosity constricts you.
Your system rejects the healing.
You feel better.
You feel less invigorated. The acid blob hits you!
* * * LOW HITPOINT WARNING * * *
The acid corrodes you!
You are splashed with acid.
You resist.
* * * LOW HITPOINT WARNING * * *
You block the acid blob's attack.
You block the tentacled monstrosity's attack. x2
The tentacled monstrosity tentacle-slaps you but does no damage.
You die...

*,,,,,,,,,,,,,,,,,,,,,,,,,,,
*,,************,,,,,,,,,,,,,
*,,* **,,,,,,,,,,,,
*,,*###########**,,,,,,,,,,,
*,,*#.........,,,,,,,,,,,,,,
*,,*#........#**************
*,,*#........#
*,,*#........#
*,,*#......@.#
*,,*#.....JXJ#
*,,*#......J.#
*,,*#........#
*,,*#.....<..#
#...#........#
#............#
#............#
#.........†..#


You could see a tentacled monstrosity, 2 acid blobs and a jelly.

Vanquished Creatures
  5 dread liches
  5 ancient liches
  Mara (Snake:4)
  4 orbs of fire (Zot:5)
  2 juggernauts
  Sojobo (Vaults:4)
  Boris (Depths:5)
  8 Killer Klowns
  Vashnia (Snake:2)
  The ghost of garrulousMonolith the Whirler, a veteran GnFi of Cheibriados (Vaults:3)
  2 caustic shrikes
  3 curse toes
  13 golden dragons
  3 electric golems (Zot:5)
  A hellephant (Depths:1)
  15 tentacled monstrosities
  24 Orb Guardians (Zot:5)
  Rupert (Vaults:4)
  5 titans
  4 liches
  8 quicksilver dragons
  A kraken (Shoals:2)
  9 sphinxes
  5 tentacled starspawn
  14 storm dragons
  3 ancient champions
  8 death cobs
  11 shadow dragons
  6 tengu reavers
  The ghost of Gasan the Lord of Darkness, a journeyman DrFE of Kikubaaqudgha (D:13)
  12 nagarajas (Snake:4)
  16 vault wardens
  5 draconian monks
  Aizul (Snake:3)
  5 fire giants
  6 draconian shifters
  A balrug (Zot:5)
  4 draconian knights
  3 ghost moths
  An orc warlord (Orc:2)
  An iron dragon (Vaults:5)
  8 frost giants
  A deep elf elementalist (Abyss:4)
  A deep elf sorcerer (Vaults:5)
  2 spriggan defenders
  4 draconian annihilators
  20 stone giants
  5 war gargoyles
  25 very ugly things
  7 vampire knights
  10 green draconians
  18 ironbound preservers
  2 deep elf demonologists (Vaults:5)
  10 black draconians
  2 dire elephants (Vaults:3)
  A lorocyproca (Abyss:4)
  3 purple draconians
  A deep elf annihilator (Vaults:5)
  2 pale draconians (Depths:5)
  8 white draconians
  9 red draconians
  2 entropy weavers
  14 yellow draconians
  4 spark wasps
  An eidolon (Vaults:3)
  3 merfolk javelineers (Shoals:4)
  A deep elf death mage (Vaults:3)
  Snorg (D:10)
  A crystal guardian (Vaults:4)
  9 fire dragons
  4 jiangshi
  26 ettins
  16 yaktaur captains
  The ghost of Kotami the Carver, a journeyman OpFi of Dithmenos (Lair:2)
  4 merfolk impalers
  A salamander tyrant (Snake:4)
  A deep elf high priest (Vaults:5)
  11 ice dragons
  12 great orbs of eyes
  Fannar (Lair:2)
  2 ogre magi (Vaults:5)
  10 rakshasas
  50 vault guards
  A boulder beetle (Lair:5)
  Harold (D:10)
  2 merfolk avatars (Shoals:2)
  5 ironbound thunderhulks
  3 merfolk aquamancers
  4 hydras
  4 peacekeepers
  22 naga warriors
  2 death knights (D:14)
  6 centaur warriors
  3 catoblepae
  15 ironbound frosthearts
  3 spriggan air magi
  3 two-headed ogres
  9 anacondas
  An alligator (shapeshifter) (Vaults:5)
  10 hell hogs (Depths:1)
  7 ironbound beastmasters
  3 satyrs
  11 deep troll shamans
  9 tengu warriors
  3 orc high priests (Orc:2)
  3 thrashing horrors
  A titan zombie (Abyss:4)
  A sun demon (Abyss:2)
  4 spriggan berserkers
  6 vampire magi
  3 wretched stars (Abyss:4)
  9 deep troll earth magi
  21 naga sharpshooters
  2 shock serpents
  10 hell knights
  A sixfirhy (Abyss:4)
  3 spatial maelstroms (Abyss:4)
  5 iron trolls
  3 skeletal warriors (D:14)
  A sea snake (Shoals:1)
  55 deep trolls
  2 flayed ghosts
  8 glowing orange brains
  2 salamander mystics (Snake:4)
  10 wizards
  17 ironbound convokers
  9 large abominations
  A harpy (shapeshifter) (D:15)
  5 naga ritualists
  9 lindwurms
  4 phantasmal warriors
  A wolf spider (Vaults:5)
  63 ugly things
  2 harpies
  3 deep elf pyromancers
  7 orc knights
  9 mana vipers
  6 necromancers
  26 moths of wrath
  A salamander (shapeshifter) (Vaults:5)
  2 draconians (Abyss:4)
  4 orc sorcerers
  15 salamanders
  9 cyclopes
  A cyclops (shapeshifter) (Vaults:5)
  14 fauns
  2 worldbinders (Abyss:4)
  18 manticores
  6 elephants (Lair:1)
  24 black mambas
  16 guardian serpents
  21 vault sentinels
  4 merfolk sirens
  20 naga magi
  6 smoke demons
  3 water nymphs
  An orange demon (Depths:3)
  10 cane toads
  Maggie (D:7)
  2 kobold demonologists (D:9)
  Psyche (D:8)
  A hellion (Depths:3)
  3 rime drakes (Lair:4)
  37 yaktaurs
  3 freezing wraiths
  5 komodo dragons
  2 hellwings (Depths:3)
  A tormentor (Abyss:4)
  3 tengu conjurers
  4 efreet
  4 ancient zymes (Abyss:4)
  A queen bee (Lair:3)
  2 trolls (shapeshifter)
  6 wind drakes
  5 trolls
  A polar bear (Lair:3)
  11 merfolk
  Grinder (D:6)
  43 slime creatures
  3 dream sheep (Shoals:1)
  7 blink frogs
  2 hornets
  3 snapping turtles
  7 flying skulls
  4 shadows
  12 water elementals
  A centaur simulacrum (D:15)
  4 spriggans
  A redback (Vaults:3)
  A spriggan (shapeshifter) (D:14)
  4 wyverns
  4 wraiths
  16 yaks
  5 neqoxecs (Abyss:4)
  A vampire (D:12)
  A ynoxinul (Abyss:4)
  4 basilisks
  2 chaos spawn (Abyss:4)
  3 steam dragons (Depths:5)
  20 humans (D:13)
  Menkaure (Ossuary)
  44 nagas
  6 vampire mosquitoes
  4 acid dragons
  A spatial vortex (Abyss:4)
  3 wargs
  8 small abominations
  An acid dragon (shapeshifter) (Abyss:4)
  23 water moccasins
  A floating eye (Depths:3)
  A hell hound (Abyss:4)
  An ice beast (D:5)
  A sky beast (D:5)
  38 orc warriors
  3 black bears
  A necrophage (D:5)
  10 boggarts
  7 wolves
  A snapping turtle skeleton (Abyss:4)
  10 ogres
  A phantom (D:5)
  A centaur (D:6)
  2 kobold brigands
  6 bullfrogs
  10 gnoll sergeants
  A scorpion (shapeshifter) (Vaults:5)
  3 scorpions
  A wyvern skeleton (D:7)
  2 water moccasin zombies
  A water moccasin skeleton (D:4)
  24 killer bees
  8 wights
  5 howler monkeys
  An electric eel (D:12)
  12 starcursed masses (Abyss:4)
  2 centaur zombies (Ossuary)
  9 hounds
  6 gnoll shamans (Bailey)
  2 bullfrog skeletons
  10 orc priests
  2 centaur skeletons
  2 jellies
  Crazy Yiuf (D:4)
  11 orc wizards
  3 iguanas
  2 killer bee zombies
  3 ogre zombies (Ossuary)
  6 mummies (Ossuary)
  23 gnolls
  5 adders
  2 shadow imps (D:6)
  3 white imps
  2 ufetubi
  2 adder zombies (Ossuary)
  3 worms
  2 dart slugs
  49 orcs
  5 endoplasms
  4 giant cockroaches
  2 gnoll zombies (Ossuary)
  6 goblins
  12 hobgoblins
  7 jackals
  13 kobolds
  5 quokkas
  8 ball pythons
  5 bats
  4 frilled lizards
  5 goblin zombies (Ossuary)
  3 hobgoblin zombies (Ossuary)
  2 kobold zombies (Ossuary)
  3 orc zombies (Ossuary)
  4 quokka zombies (Ossuary)
  8 rats
  4 rat zombies (Ossuary)
  2 starspawn tentacles (Abyss:4)
  2 tentacles (Shoals:2)
1890 creatures vanquished.

Vanquished Creatures (collateral kills)
  An Orb Guardian (Zot:5)
  Asterion (Snake:1)
  A draconian scorcher (Zot:5)
  A draconian stormcaller (Zot:5)
  A two-headed ogre (D:8)
  An orc warrior (D:8)
  2 howler monkeys (D:8)
  A gnoll shaman (D:8)
  2 orc wizards (D:8)
  3 gnolls (D:8)
  2 orcs (D:8)
16 creatures vanquished.

Vanquished Creatures (others)
  A draconian knight (Zot:5)
  4 slime creatures (Vaults:1)
  A blink frog (Abyss:4)
  9 demonic plants (Abyss:4)
  25 fungi
  89 plants
  11 starspawn tentacles
  6 tentacles (Shoals:2)
146 creatures vanquished.

Grand Total: 2052 creatures vanquished

Notes
Turn   | Place    | Note
-------+----------+-------------------------------------------
     0 | D:1      | Lochraine the Vine Stalker Venom Mage began the quest for
                  | the Orb.
     0 | D:1      | Reached XP level 1. HP: 9/9 MP: 4/4
   198 | D:1      | Found a faded altar of an unknown god.
   214 | D:1      | Reached XP level 2. HP: 13/13 MP: 6/6
   658 | D:2      | Learned a level 2 spell: Poisonous Vapours
   758 | D:2      | Reached XP level 3. HP: 2/16 MP: 2/8
  2154 | D:3      | Gained mutation: Your natural rate of healing is unusually
                  | fast. [Vine Stalker growth]
  2154 | D:3      | Reached XP level 4. HP: 21/21 MP: 6/9
  2190 | D:3      | Learned a level 3 spell: Ignite Poison
  2960 | D:4      | Found an iron altar of Okawaru.
  2974 | D:4      | Noticed an ogre
  3089 | D:4      | Reached skill level 1 in Fire Magic
  3089 | D:4      | Reached XP level 5. HP: 21/24 MP: 9/11
  3373 | D:4      | Found Tini's Elemental Accessories.
  3501 | D:4      | Killed an ogre
  3502 | D:4      | Reached XP level 6. HP: 28/28 MP: 3/12
  3897 | D:4      | Noticed Edmund
  4054 | D:4      | Became a worshipper of Warmaster Okawaru
  4110 | D:4      | Found a runed translucent door.
  4111 | D:4      | Noticed Crazy Yiuf
  4127 | D:4      | Killed Crazy Yiuf
  4282 | D:5      | Entered Level 5 of the Dungeon
  4282 | D:5      | Noticed a sky beast
  4291 | D:5      | Killed a sky beast
  4292 | D:5      | Reached XP level 7. HP: 25/32 MP: 14/14
  4334 | D:5      | Reached * piety under Okawaru
  4335 | D:5      | Reached skill level 1 in Fighting
  4369 | D:5      | Found an ornate altar of the Wu Jian Council.
  4548 | D:5      | Identified the +8 falchion of Defence {speed, Fragile rF++
                  | Str-2 SInv}
  4555 | D:5      | Noticed a shadow
  4589 | D:5      | Killed a shadow
  4590 | D:5      | Reached skill level 5 in Poison Magic
  4590 | D:5      | Gained mutation: You have razor-sharp teeth. [Vine Stalker
                  | growth]
  4590 | D:5      | Reached XP level 8. HP: 38/38 MP: 16/16
  4759 | D:5      | Found a glowing silver altar of Zin.
  4759 | D:5      | Noticed an angel
  4761 | D:5      | Found a shimmering altar of Xom.
  4881 | D:5      | Reached skill level 1 in Long Blades
  4881 | D:5      | Reached skill level 1 in Invocations
  5227 | D:5      | Reached skill level 5 in Spellcasting
  5448 | D:5      | Found a white marble altar of Elyvilon.
  5516 | D:6      | Noticed Grinder
  5538 | D:6      | Reached ** piety under Okawaru
  5542 | D:6      | Found a snail-covered altar of Cheibriados.
  5799 | D:6      | Reached XP level 9. HP: 43/43 MP: 18/18
  5880 | D:6      | Found a sand-covered staircase.
  5889 | Ossuary  | Entered an ossuary
  6233 | Ossuary  | Noticed Menkaure
  6253 | Ossuary  | Killed Menkaure
  6535 | D:6      | Killed Grinder
  6721 | D:6      | Reached *** piety under Okawaru
  7033 | D:7      | Found a staircase to the Ecumenical Temple.
  7042 | D:7      | Noticed Maggie
  7198 | D:7      | Reached skill level 1 in Throwing
  7282 | D:7      | Killed Maggie
  7283 | D:7      | Reached XP level 10. HP: 49/49 MP: 20/20
  7445 | D:7      | Learned a level 4 spell: Olgreb's Toxic Radiance
  7551 | D:8      | Reached skill level 1 in Shields
  7613 | D:8      | Reached **** piety under Okawaru
  7615 | D:8      | Noticed a two-headed ogre
  7622 | D:8      | Killed a two-headed ogre
  7766 | D:8      | Found a hide-covered altar of Uskayaw.
  7779 | D:8      | Noticed Psyche
  7783 | D:8      | Killed Psyche
  8355 | D:9      | Reached ***** piety under Okawaru
  8379 | D:9      | Noticed a kobold demonologist
  8381 | D:9      | Noticed a sun demon
  8385 | D:9      | Noticed a kobold demonologist
  8386 | D:9      | Killed a kobold demonologist
  8395 | D:9      | Killed a kobold demonologist
  8668 | D:9      | Received a gift from Okawaru
  8750 | D:9      | Found a staircase to the Lair.
  9091 | D:9      | Noticed a two-headed ogre
  9102 | D:9      | Killed a two-headed ogre
  9103 | D:9      | Reached skill level 5 in Fighting
  9103 | D:9      | Reached skill level 5 in Invocations
  9103 | D:9      | Reached XP level 11. HP: 44/55 MP: 21/21
  9158 | D:9      | Reached skill level 5 in Dodging
  9339 | D:9      | Noticed a two-headed ogre
  9345 | D:9      | Killed a two-headed ogre
  9634 | D:10     | Entered Level 10 of the Dungeon
  9680 | Lair:1   | Entered Level 1 of the Lair of Beasts
  9832 | Lair:1   | Received a gift from Okawaru
  9855 | Lair:1   | Reached skill level 5 in Long Blades
  9939 | Lair:1   | Received a gift from Okawaru
 10002 | Lair:1   | Found a transporter.
 10031 | Lair:1   | Found a transporter.
 10313 | Lair:1   | Identified a scroll of acquirement
 10314 | Lair:1   | Acquired 1090 gold pieces
 10794 | Lair:2   | Noticed a catoblepas
 10920 | Lair:2   | Found a staircase to the Snake Pit.
 11086 | Lair:2   | Found a runed translucent door.
 11086 | Lair:2   | Identified the +8 spear of Xuguw {pain, rCorr Str+4}
 11086 | Lair:2   | Noticed a spriggan rider
 11088 | Lair:2   | Noticed Kotami's ghost (journeyman OpFi)
 11115 | Lair:2   | Reached XP level 12. HP: 54/61 MP: 22/22
 11164 | Lair:2   | Found a staircase to the Shoals.
 11182 | Lair:2   | Noticed a seven-headed hydra
 11368 | Lair:2   | Noticed Fannar
 11378 | Lair:2   | Killed a catoblepas
 11389 | Lair:2   | Killed Fannar
 11390 | Lair:2   | Reached skill level 5 in Throwing
 11737 | Lair:3   | Reached ****** piety under Okawaru
 11838 | Lair:3   | Received a gift from Okawaru
 12138 | Lair:3   | You fall into a shaft and drop 1 floor!
 12611 | Lair:4   | Noticed a five-headed hydra
 12748 | Lair:4   | Received a gift from Okawaru
 12952 | Lair:4   | Killed a five-headed hydra
 12953 | Lair:4   | Reached XP level 13. HP: 26/67 MP: 9/23
 13614 | Lair:5   | Found a viscous altar of Jiyva.
 13614 | Lair:5   | Found a staircase to the Slime Pits.
 14144 | D:10     | Noticed Snorg
 14151 | D:10     | Killed Snorg
 14152 | D:10     | Reached skill level 5 in Shields
 14278 | D:10     | Noticed Harold
 14285 | D:10     | Killed Harold
 15295 | D:11     | Acquired the ring "Lougg" {rPois rN++ Will++ MP-9}
 15718 | D:12     | Found a staircase to the Orcish Mines.
 16381 | D:13     | Identified the +3 pair of gloves of Valour {Regen+ Dex+7}
                  | (Okawaru gifted it to you on level 13 of the Dungeon)
 16381 | D:13     | Received a gift from Okawaru
 16516 | D:13     | Reached skill level 1 in Armour
 16580 | D:13     | Found a runed translucent gate.
 16580 | D:13     | Found a runed translucent gate.
 16580 | D:13     | Found a runed translucent gate.
 16585 | D:13     | Noticed Gasan's ghost (journeyman DrFE)
 16639 | D:13     | Killed Gasan's ghost
 17033 | D:13     | Reached XP level 14. HP: 73/73 MP: 16/24
 17059 | D:13     | Found a gate to the Vaults.
 17658 | D:14     | Received a gift from Okawaru
 17853 | D:13     | Received a gift from Okawaru
 18041 | D:14     | Found a snail-covered altar of Cheibriados.
 18228 | D:15     | Entered Level 15 of the Dungeon
 18515 | D:15     | Found a staircase to the Depths.
 18689 | Orc:1    | Entered Level 1 of the Orcish Mines
 18762 | Orc:1    | Found Qosol's Magic Scroll Shop.
 18766 | Orc:1    | Received a gift from Okawaru
 18780 | Orc:1    | Bought a scroll of teleportation for 51 gold pieces
 18780 | Orc:1    | Bought a scroll of magic mapping for 59 gold pieces
 18859 | Orc:1    | Found a flagged portal.
 18938 | Bailey   | Entered a bailey
 19619 | Orc:2    | Entered Level 2 of the Orcish Mines
 19648 | Orc:2    | Reached skill level 1 in Evocations
 19790 | Orc:2    | Found Jeiwnol's Antique Weapon Emporium.
 20094 | Orc:2    | Found a staircase to the Elven Halls.
 20145 | Orc:2    | Found Jaaqeuhu's Antique Armour Emporium.
 20191 | Orc:2    | Bought a transparent leather armour for 238 gold pieces
 20191 | Orc:2    | Identified the +1 leather armour of Misanthropy {rElec}
                  | (You bought it in a shop on level 2 of the Orcish Mines)
 20312 | Orc:2    | Found Bukhlusi's Antique Weapon Boutique.
 20329 | Orc:2    | Found Girerghe's General Store.
 20330 | Orc:2    | Noticed an orc warlord
 20340 | Orc:2    | Paralysed by an orc sorcerer for 7 turns
 20370 | Orc:2    | Killed an orc warlord
 20371 | Orc:2    | Reached XP level 15. HP: 45/79 MP: 4/25
 20513 | Orc:2    | Found a runed translucent gate.
 20515 | Orc:2    | Found a runed translucent gate.
 20516 | Orc:2    | Bought the +16 shadow dragon scales "Lan Zegg" {Slay+6
                  | Stlth++++} for 2319 gold pieces
 20530 | Orc:2    | Found a runed translucent gate.
 20531 | Orc:2    | Found an opulent altar of Gozag.
 20547 | Orc:2    | Found Koxaz's Book Shop.
 20724 | Orc:2    | Noticed jujuben's ghost (journeyman HOGl)
 21284 | D:12     | Reached skill level 5 in Armour
 21947 | Lair:2   | Killed Kotami's ghost
 21962 | Lair:2   | Received a gift from Okawaru
 21988 | Lair:2   | Identified the amulet "Roshru" {Reflect rElec Will+ Str+2
                  | Int-3 SH+5}
 22041 | Snake:1  | Entered Level 1 of the Snake Pit
 22275 | Snake:1  | Received a gift from Okawaru
 22465 | Snake:1  | Identified the +9 hand crossbow of the Apocalypse {flame,
                  | Str+2} (Okawaru gifted it to you on level 1 of the Snake
                  | Pit)
 22465 | Snake:1  | Received a gift from Okawaru
 22568 | Snake:1  | Noticed Asterion
 22952 | Snake:1  | Received a gift from Okawaru
 23031 | Snake:1  | Reached skill level 10 in Long Blades
 23471 | Snake:1  | Noticed an Executioner
 23480 | Snake:1  | Killed Asterion
 23653 | Snake:2  | Noticed Vashnia
 24144 | Snake:2  | Reached XP level 16. HP: 75/84 MP: 26/26
 24166 | Snake:2  | Killed Vashnia
 24319 | Snake:2  | Identified the +13 crystal plate armour "Age Waur" {rF++
                  | Regen+ Str+2 Stlth+} (Okawaru gifted it to you on level 2
                  | of the Snake Pit)
 24319 | Snake:2  | Received a gift from Okawaru
 24771 | Snake:3  | Found Xyucs's Antique Weapon Shoppe.
 24773 | Snake:3  | Found Foffaq's Distillery.
 24775 | Snake:3  | Found Ranutoh's Jewellery Shoppe.
 24817 | Snake:3  | Noticed Aizul
 24840 | Snake:3  | Killed Aizul
 25126 | Snake:3  | Reached skill level 10 in Armour
 25374 | Snake:4  | Entered Level 4 of the Snake Pit
 25675 | Snake:4  | Noticed a nagaraja
 25675 | Snake:4  | Noticed a nagaraja
 25683 | Snake:4  | Killed a nagaraja
 25684 | Snake:4  | Reached skill level 10 in Fighting
 25688 | Snake:4  | Killed a nagaraja
 25688 | Snake:4  | Received a gift from Okawaru
 25958 | Snake:4  | Noticed a nagaraja
 25967 | Snake:4  | Noticed a nagaraja
 26017 | Snake:4  | Killed a nagaraja
 26067 | Snake:4  | Noticed a nagaraja
 26136 | Snake:4  | Reached XP level 17. HP: 89/89 MP: 27/27
 26177 | Snake:4  | Received a gift from Okawaru
 26277 | Snake:4  | Received a gift from Okawaru
 26349 | Snake:4  | Got a serpentine rune of Zot
 26403 | Snake:4  | Noticed Mara
 26470 | Snake:4  | Received a gift from Okawaru
 26507 | Snake:4  | Killed Mara
 26891 | Snake:4  | Received a gift from Okawaru
 27262 | Shoals:1 | Entered Level 1 of the Shoals
 27345 | Shoals:1 | Identified the +1 rapier of Onamefuf {vorpal, rN+ rCorr
                  | Str-4 Dex+2}
 27451 | Shoals:1 | Reached XP level 18. HP: 96/96 MP: 16/28
 27807 | Shoals:1 | Identified the +6 flail "Qoos Jai" {protect, rC+}
 27844 | Shoals:1 | Found Huussuhi's Distillery.
 27889 | Shoals:1 | Reached skill level 5 in Stealth
 28047 | Shoals:2 | Reached skill level 10 in Invocations
 28067 | Shoals:2 | Found a transporter.
 28252 | Shoals:4 | Entered Level 4 of the Shoals
 28305 | Shoals:4 | Identified the +8 scale mail of Rarhag {Dex+7 Stlth+}
 28410 | Shoals:4 | Received a gift from Okawaru
 28448 | Shoals:4 | Got a barnacled rune of Zot
 28813 | Vaults:1 | Entered Level 1 of the Vaults
 29054 | Vaults:1 | Received a gift from Okawaru
 29211 | Vaults:1 | Found Fomylyreo's Assorted Antiques.
 29508 | Vaults:1 | Found Ferhaschy's Antique Armour Shoppe.
 29673 | Vaults:1 | Found Eniulip's Assorted Antiques.
 30223 | Vaults:1 | Found Zoentegi's Armour Boutique.
 30233 | Vaults:1 | Bought a scarf of resistance for 448 gold pieces
 30604 | Vaults:2 | Reached XP level 19. HP: 41/102 MP: 7/29
 31147 | Vaults:2 | Received a gift from Okawaru
 31615 | Vaults:2 | Found Acez's Assorted Antiques.
 32068 | Vaults:3 | Found Wexybboy's Distillery.
 32100 | Vaults:3 | Bought a potion of resistance for 150 gold pieces
 32209 | Vaults:3 | Found a runed translucent gate.
 32209 | Vaults:3 | Found a runed translucent gate.
 32209 | Vaults:3 | Found a runed translucent gate.
 32211 | Vaults:3 | Noticed garrulousMonolith's ghost (veteran GnFi)
 32611 | Vaults:3 | Received a gift from Okawaru
 32774 | Vaults:3 | Reached XP level 20. HP: 89/108 MP: 17/30
 32779 | Vaults:3 | Received a gift from Okawaru
 32851 | Vaults:3 | Identified the +4 scimitar of Victory {vamp, rElec Str+2}
                  | (Okawaru gifted it to you on level 3 of the Vaults)
 32851 | Vaults:3 | Received a gift from Okawaru
 32903 | Vaults:3 | Found a staircase to the Crypt.
 32918 | Vaults:3 | Reached skill level 10 in Stealth
 33215 | Vaults:3 | Received a gift from Okawaru
 33455 | Vaults:3 | Identified the +6 hand axe of the Priest {freeze, rPois
                  | rCorr}
 33455 | Vaults:3 | Identified the ring "Cisitow" {rF+ rN+}
 33553 | Vaults:3 | Killed garrulousMonolith's ghost
 33576 | Vaults:3 | Identified the +3 helmet of Extremely Toothy Music {rElec
                  | rPois Str-3 Int-4}
 33636 | Vaults:4 | Received a gift from Okawaru
 33662 | Vaults:4 | Reached skill level 10 in Shields
 33961 | Vaults:4 | Identified the +5 halberd "Xekhe" {flame, *Slow Will++
                  | Int+6}
 34121 | Vaults:4 | Received a gift from Okawaru
 34149 | Vaults:4 | Acquired 637 gold pieces
 34325 | Vaults:4 | Reached skill level 15 in Armour
 34325 | Vaults:4 | Reached XP level 21. HP: 113/113 MP: 22/31
 34597 | Vaults:4 | Noticed Sojobo
 34597 | Vaults:4 | Noticed Rupert
 34616 | Vaults:4 | Killed Sojobo
 34630 | Vaults:4 | Killed Rupert
 34937 | D:15     | Identified the +7 long sword "Xisikhlo" {drain, *Rage rN+
                  | Stlth+} (Okawaru gifted it to you on level 15 of the
                  | Dungeon)
 34937 | D:15     | Received a gift from Okawaru
 35133 | D:15     | Found a broken altar of Ashenzari.
 35767 | Depths:1 | Entered Level 1 of the Depths
 35853 | Depths:1 | Found a radiant altar of Vehumet.
 36125 | Depths:1 | Found a gateway to a ziggurat.
 36235 | Depths:1 | Found a one-way gate to the infinite horrors of the Abyss.
 36278 | Depths:1 | Found a gateway to Hell.
 36296 | Depths:1 | Received a gift from Okawaru
 36558 | Depths:1 | Found a portal to a secret trove of treasure.
 36619 | Depths:1 | Paralysed by a floating eye for 3 turns
 36624 | Depths:1 | Paralysed by a floating eye for 3 turns
 36636 | Depths:1 | Paralysed by a floating eye for 4 turns
 36781 | Depths:2 | Reached XP level 22. HP: 120/120 MP: 24/33
 36835 | Depths:2 | Reached skill level 10 in Throwing
 36891 | Depths:2 | Received a gift from Okawaru
 36982 | Depths:2 | Received a gift from Okawaru
 37049 | Depths:2 | Identified the +1 chain mail "Leiklosh" {rN+ rCorr Int+4
                  | Stlth+}
 37125 | Depths:2 | Received a gift from Okawaru
 37212 | Depths:2 | Noticed a juggernaut
 37228 | Depths:2 | Killed a juggernaut
 37246 | Depths:2 | Noticed a caustic shrike
 37260 | Depths:2 | Killed a caustic shrike
 37285 | Depths:2 | Identified the +9 double sword of the Blessed Realm
                  | {vorpal, rF- rN+++ Dex+3} (Okawaru gifted it to you on
                  | level 2 of the Depths)
 37285 | Depths:2 | Received a gift from Okawaru
 37292 | Depths:2 | Identified the +1 helmet of Noujienk {rC+ rN+}
 37674 | Depths:2 | Identified the +1 chain mail "Veod" {+Blink rF- Int+2}
 38169 | Depths:3 | Found a one-way gate leading to the halls of Pandemonium.
 38486 | Depths:3 | Received a gift from Okawaru
 38560 | Depths:3 | Paralysed by a floating eye for 4 turns
 38610 | Depths:3 | Noticed a juggernaut
 38624 | Depths:3 | Killed a juggernaut
 38624 | Depths:3 | Received a gift from Okawaru
 38630 | Depths:3 | Reached XP level 23. HP: 126/126 MP: 25/34
 38831 | Depths:3 | Noticed a caustic shrike
 38847 | Depths:3 | Killed a caustic shrike
 38893 | Depths:3 | Reached skill level 15 in Fighting
 38987 | Depths:3 | Got the Almanac of the Shifting Snowflakes
 39593 | Depths:4 | Found an opulent altar of Gozag.
 39616 | Depths:4 | Found Buutuewn's Armour Shop.
 39653 | Depths:4 | Found Kamik's Distillery.
 39675 | Depths:4 | Received a gift from Okawaru
 39817 | Depths:4 | Identified the +1 ring mail of the Iron Devil {rElec rC+
                  | Str+3 Dex+3} (Okawaru gifted it to you on level 4 of the
                  | Depths)
 39817 | Depths:4 | Received a gift from Okawaru
 40332 | Depths:4 | Noticed a golden dragon
 40368 | Depths:4 | Killed a golden dragon
 40545 | Depths:5 | Entered Level 5 of the Depths
 40578 | Depths:5 | Found a runed translucent door.
 40890 | Depths:5 | Noticed Imio's ghost (adept DgCj)
 40891 | Depths:5 | Noticed an ancient lich
 40915 | Depths:5 | Reached XP level 24. HP: 132/132 MP: 26/35
 40939 | Depths:5 | Reached skill level 5 in Evocations
 40940 | Depths:5 | Received a gift from Okawaru
 41235 | Depths:5 | Found a gate to the Realm of Zot.
 41358 | Depths:5 | Noticed Boris
 41405 | Depths:5 | Killed Boris
 41416 | Depths:5 | Found a runed translucent door.
 41443 | Depths:5 | Found a hide-covered altar of Uskayaw.
 41529 | Depths:5 | Found Sahim's Book Shop.
 41529 | Depths:5 | Found Vieqoxt's Jewellery Shoppe.
 41530 | Depths:5 | Found Sisuococ's Jewellery Shoppe.
 41970 | Vaults:5 | Entered Level 5 of the Vaults
 42042 | Vaults:4 | Cast into level 2 of the Abyss (vault guard)
 42177 | Abyss:4  | Identified the +4 ring mail "Yleilow" {Dex+4 SInv Stlth+}
 42309 | Abyss:4  | Received a gift from Okawaru
 42624 | Abyss:4  | Found a transporter.
 42685 | Abyss:4  | Got an abyssal rune of Zot
 42753 | Abyss:4  | Gained mutation: Your body sometimes deteriorates upon
                  | taking damage. [a neqoxec]
 42902 | Abyss:4  | Found a transporter.
 42913 | Vaults:4 | Escaped the Abyss
 42976 | Vaults:5 | Noticed an ancient lich
 43021 | Vaults:4 | Killed an ancient lich
 43022 | Vaults:4 | Reached XP level 25. HP: 117/137 MP: 26/35
 43137 | Vaults:5 | Noticed a dread lich
 43182 | Vaults:5 | Killed a dread lich
 43186 | Vaults:5 | Received a gift from Okawaru
 43187 | Vaults:5 | Found the +7 Singing Sword {vorpal, sonic wave}
 43251 | Vaults:5 | Found the ring of the Tortoise {AC+8}
 43463 | Vaults:5 | Noticed a dread lich
 43478 | Vaults:5 | Killed a dread lich
 43544 | Vaults:5 | Identified the amulet "Jesyug" {Reflect Fly SH+5}
 43583 | Vaults:5 | Received a gift from Okawaru
 43629 | Vaults:5 | Found the +6 shillelagh "Devastator" {shatter}
 43640 | Vaults:5 | Identified the +0 crystal plate armour of Evolution {rF+
                  | rN+ Regen+}
 43651 | Vaults:5 | Identified the +1 hand axe of Eternal Harmony {pain, Str+5}
 43675 | Vaults:5 | Identified the amulet of Vall {Reflect rC+ Str+4 Dex+4
                  | SH+5}
 43686 | Vaults:5 | Noticed a dread lich
 43709 | Vaults:5 | Killed a dread lich
 43709 | Vaults:5 | Received a gift from Okawaru
 43766 | Vaults:5 | Noticed an ancient lich
 43766 | Vaults:5 | Noticed an ancient lich
 43792 | Vaults:5 | Killed an ancient lich
 43824 | Vaults:5 | Received a gift from Okawaru
 43836 | Vaults:5 | Killed an ancient lich
 43847 | Vaults:5 | Reached skill level 15 in Shields
 43863 | Vaults:5 | Got the Catalogue of Anarchy
 44033 | Vaults:5 | Reached XP level 26. HP: 145/145 MP: 26/35
 44536 | Vaults:5 | Identified the +2 battleaxe of the Onslaught {drain, Dex+6}
 44566 | Vaults:5 | Got a silver rune of Zot
 45039 | Zot:1    | Entered Level 1 of the Realm of Zot
 45113 | Zot:1    | Reached skill level 10 in Evocations
 45264 | Zot:1    | Received a gift from Okawaru
 45434 | Zot:4    | Received a gift from Okawaru
 45516 | Zot:4    | Received a gift from Okawaru
 45530 | Zot:5    | Entered Level 5 of the Realm of Zot
 45608 | Zot:4    | Noticed a Killer Klown
 45808 | Zot:5    | Identified the +1 chain mail "Nanof" {Dex+3}
 46051 | Zot:5    | Reached skill level 15 in Throwing
 46190 | Zot:5    | Noticed a dread lich
 46190 | Zot:5    | Noticed an ancient lich
 46241 | Zot:5    | Noticed a dread lich
 46241 | Zot:5    | Noticed a Killer Klown
 46246 | Zot:5    | Noticed a Killer Klown
 46248 | Zot:5    | Noticed a Killer Klown
 46269 | Zot:5    | Reached XP level 27. HP: 145/151 MP: 10/35
 46269 | Zot:5    | Noticed an orb of fire
 46270 | Zot:5    | Noticed an ancient lich
 46286 | Zot:5    | Killed a dread lich
 46286 | Zot:5    | Received a gift from Okawaru
 46297 | Zot:5    | Killed an orb of fire
 46297 | Zot:5    | Received a gift from Okawaru
 46308 | Zot:5    | Killed a dread lich
 46319 | Zot:5    | Killed an ancient lich
 46326 | Zot:5    | Noticed an orb of fire
 46326 | Zot:5    | Noticed an orb of fire
 46346 | Zot:5    | Killed an orb of fire
 46355 | Zot:5    | Killed an ancient lich
 46363 | Zot:5    | Noticed an orb of fire
 46365 | Zot:5    | Killed an orb of fire
 46365 | Zot:5    | Received a gift from Okawaru
 46394 | Zot:5    | Killed an orb of fire
 46394 | Zot:5    | Received a gift from Okawaru
 46483 | Zot:5    | Identified the +5 ring mail of the Tundras {Int+2 Stlth+}
                  | (Okawaru gifted it to you on level 5 of the Realm of Zot)
 46483 | Zot:5    | Received a gift from Okawaru
 47382 | Zot:4    | Received a gift from Okawaru
 47748 | Zot:3    | Received a gift from Okawaru
 47770 | Zot:3    | Received a gift from Okawaru
 48418 | Zot:3    | HP: 5/155 [acid blob (8)]
 48418 | Zot:3    | Slain by a tentacled monstrosity

Illustrated notes

Levels and vault maps discovered:
D:1:      onia_arrival_pyramid, layout_rooms, basic_ecumenical_altar,
          minivault_27
D:2:      layout_basic, serial_aquarium, aquarium_bridge_square
          [aquarium_subvault_balcony, aquarium_subvault_bridge,
          aquarium_subvault_wall, aquarium_subvault_bridge],
          aquarium_bridge_square [aquarium_subvault_balcony,
          aquarium_subvault_wall, aquarium_subvault_wall,
          aquarium_subvault_bridge], aquarium_window_1, aquarium_window_corner,
          aquarium_view_2c, aquarium_pool_five, minivault_19
D:3:      layout_rooms, minmay_pentangle
D:4:      layout_gridville, okawaru_gym_becter, nicolae_elemental_shop,
          uniq_edmund, uniq_crazy_yiuf_cottage
D:5:      layout_cave_pods, grunt_temple_overflow_order_and_chaos_1,
          nicolae_wu_jian_wuxing_cycle, nicolae_elyvilon_peaceful_grove,
          minmay_bent
D:6:      layout_cave_pools, old_standard_altar, nicolae_ossuary_entry_monument,
          uniq_grinder
D:7:      layout_cave_pools, minmay_temple_entry_mini_moons, uniq_maggie
D:8:      layout_cave_pools, lemuel_round_altar, uniq_psyche
D:9:      layout_layer_cave, grunt_lair_entry_orc_guard_hut,
          amcnicky_mini_pool_small
D:10:     layout_rooms, uniq_harold, uniq_snorg
D:11:     layout_grid_maze
D:12:     layout_basic, minmay_orc_entry_temple_small
D:13:     layout_roguey, grunt_vaults_entry_tiered, ebering_ghost_rock_garden,
          minmay_statue_bubble
D:14:     lemuel_flame_loot_2, layout_cave_pools, serial_park_tiny_2,
          kennysheep_slug_shrine
D:15:     hangedman_depths_entry_civil_slaughter, layout_cave_pods,
          nicolae_ashenzari_skybound
Lair:1:   gammafunk_worm_tunnel, layout_regular_city
Lair:2:   layout_regular_city, elwin_shoals_entry_rooms,
          minmay_snake_entry_six_corridors, ebering_ghost_funeral_grove,
          uniq_fannar
Lair:3:   layout_roguey, special_room [special_room_bee],
          chequers_serial_rivers_room_a
Lair:4:   layout_cellular_growth, grunt_megastairs_4
Lair:5:   layout_cave_shapes, slime_altar_1, basic_altar, tgw_fedhas,
          infiniplex_staircase_pool_2
Shoals:1: layout_shoals, serial_shops, shop_fountains
Shoals:2: layout_shoals, gammafunk_ghost_abyssal_escape
Shoals:3: cheibrodos_shoals_gigantism, layout_shoals, serial_shops, shop,
          nicolae_shoals_lost_giant_hut
Shoals:4: shoals_end_simple, layout_shoals, kb_tengu_band, uniq_nikola
Snake:1:  layout_onion_interference, uniq_asterion
Snake:2:  layout_onion_interference, serial_bayou_shore_b, grunt_megastairs_1,
          uniq_vashnia
Snake:3:  layout_rooms, minmay_shop_star, serial_bayou_shore_b, uniq_aizul
Snake:4:  grunt_snake_rune_spirals, layout_onion_interference, st_stairs_13,
          serial_bayou_shore_b, uniq_mara
Orc:1:    layout_caves, enter_bailey_8, serial_shops, shop
Orc:2:    grunt_orc_gardens, layout_caves, grunt_orc_garden, grunt_orc_garden,
          grunt_orc_garden, grunt_orc_garden, serial_shops, shop_fountains,
          ebering_ghost_gozag, nicolae_orc_crystal_geode
Vaults:1: nicolae_vaults_ring_of_whatevers, grunt_vaults_hallway_short,
          nicolae_vaults_network_quinsquares
          [nicolae_vaults_network_quincunx_subvault,
          nicolae_vaults_network_quincunx_subvault,
          nicolae_vaults_network_quincunx_subvault,
          nicolae_vaults_network_quincunx_subvault], v_rooms_1,
          nicolae_vaults_network_square, v_alt_pattern_6,
          vaults_room_ringed_pool, hangedman_vaults_nails,
          grunt_vaults_hallway_long, vaults_dpeg_encased_lava,
          vaults_room_door_ring, layout_vaults_chaotic_city, serial_shops,
          nicolae_shop_waterfront, nicolae_shop_behind_doors,
          nicolae_lakefront_shop, shop_statue
Vaults:2: vaults_room_guarded_vault, nicolae_vaults_angled_halls,
          ontoclasm_vaults_loading_screen, vaults_mumra_hexcomb,
          hangedman_vaults_variations, v_misc_23,
          nicolae_vaults_yaktaur_gun_rack, vaults_room_door_ring,
          layout_vaults_omnigrid, serial_glass, serial_shops,
          nicolae_diamond_shop
Vaults:3: gammafunk_vaults_ghost_tricky_traps, minmay_crypt_entry_simple_plaza,
          ontoclasm_vaults_tryst, v_rooms_2, v_rooms_5, v_pattern_1,
          nicolae_vaults_specimen_jars, v_misc_23, ontoclasm_vaults_eye,
          layout_vaults_omnicross, serial_shops, nicolae_shop_crystal
Vaults:4: vaults_room_corners, v_alt_pattern_1, sword_in_stone,
          nicolae_vaults_asterisk, nicolae_vaults_border_crossing,
          vaults_room_hallway, v_misc_24, vaults_mumra_chevron, v_misc_11,
          vaults_mumra_minichess_inversion, nicolae_vaults_network_star,
          v_misc_18, grunt_vaults_focal, layout_vaults_omnibox
Vaults:5
Depths:1: layout_cave_shapes, enter_ziggurat_d, minmay_misc_feat_enclosed,
          abyss_entry, enter_trove_5, grunt_hell_horde, dk_noncrumbling_3,
          vehumet_crystals
Depths:2: minmay_the_grid_4x2 [minmay_the_grid_small_cups, minmay_the_grid_tree,
          minmay_the_grid_minigrid_small, minmay_the_grid_mess,
          minmay_the_grid_odd_star, minmay_the_grid_pillar_ring,
          minmay_the_grid_dragon_a, minmay_the_grid_prize_four_corners],
          layout_basic, grunt_hell_entry_dis_grunt, abyss_entry
Depths:3: minmay_spiral_squares, layout_cave_pools, pf_hell_entry_tar_spiral,
          serial_sigils, serial_sigils_hangedman_snap,
          serial_sigils_hangedman_scar, serial_sigils_hangedman_gut,
          rand_demon_pan_entry_8, serial_bayou_shore_b
Depths:4: minmay_glassy_protrusions, layout_gridlike, grunt_gozag_breadcrumbs,
          abyss_entry_small_statue_room, hell_entry, minmay_shoptagon,
          serial_bayou_shore_a
Depths:5: evilmike_zot_entry_gauntlet, layout_cave_pools, serial_bayou_ford_a,
          muffindrake_ghost_dual_entry, hell_entry, nicolae_uskayaw_dance_hall,
          minmay_shop_grove, uniq_boris
Zot:1:    kennysheep_six_static_rooms, layout_misc_corridors
Zot:2:    lemuel_acid_trip, layout_cathedral_of_symmetry
Zot:3:    grunt_twist_and_shout, layout_onion_interference
Zot:4:    layout_cellular_growth
Zot:5:    layout_twisted_circle, st_stairs_10

Skill      XL: |  1  2  3  4  5  6  7  8  9 10 11 12 13 14 15 16 17 18 19 20 21 22 23 24 25 26 27 |
---------------+----------------------------------------------------------------------------------+-----
Transmutations | 2 3 4 |  4.4
Spellcasting   | 3 4 5 6 |  6.4
Fire Magic     | 1 2 3 4 |  4.8
Poison Magic   | 4 5 6 7 8 9 |  9.3
Fighting       | 1 2 4 5 6 7 8 9 10 11 12 13 14 15 16 17 19 | 19.4
Dodging        | 2 3 4 5 6 7 8 |  8.2
Long Blades    | 2 3 4 5 6 7 9 10 11 12 13 14 | 14.0
Invocations    | 2 3 5 6 7 8 9 10 11 12 13 14 | 14.7
Throwing       | 1 3 4 6 7 8 9 11 12 13 14 15 17 | 17.1
Shields        | 2 4 5 6 7 8 9 10 11 12 13 14 15 | 15.0
Armour         | 2 4 8 10 12 13 14 15 16 17 18 19 | 19.7
Evocations     | 1 2 4 7 9 11 14 | 14.0
Stealth        | 4 7 9 10 | 10.6

Action                   |  1- 3 |  4- 6 |  7- 9 | 10-12 | 13-15 | 16-18 | 19-21 | 22-24 | 25-27 || total
-------------------------+-------+-------+-------+-------+-------+-------+-------+-------+-------++-------
Melee: Dagger            |    64 |    54 |       |       |       |       |       |       |       ||   118
       Bite              |    12 |    29 |    86 |   156 |   414 |   481 |   764 |   820 |   819 ||  3581
       Unarmed           |     4 |       |       |       |       |       |       |       |       ||     4
       Hand axe          |       |    53 |    16 |       |       |       |       |       |       ||    69
       Falchion          |       |       |   301 |   492 |   431 |       |       |       |       ||  1224
       Demon blade       |       |       |       |       |   545 |  1017 |  1368 |  1433 |  1381 ||  5744
Throw: Dart              |       |       |       |     2 |     8 |       |       |       |       ||    10
       Javelin           |       |       |       |     1 |       |       |     5 |    11 |    71 ||    88
       Boomerang         |       |       |       |       |       |     9 |     4 |     2 |       ||    15
 Cast: Sting             |    43 |    60 |    27 |    51 |    23 |       |       |       |       ||   204
       Poisonous Vapours |       |    15 |    17 |    27 |    25 |       |       |       |       ||    84
       Ignite Poison     |       |       |     9 |    29 |    31 |       |       |       |       ||    69
       Olgreb's Toxic Ra |       |       |       |    17 |    30 |       |       |       |       ||    47
Invok: Heroism           |       |       |     3 |     2 |    14 |    11 |     9 |     8 |     7 ||    54
       Finesse           |       |       |       |       |     2 |     5 |     2 |       |     4 ||    13
Evoke: Wand              |       |       |     5 |     7 |     3 |     1 |     3 |     1 |     4 ||    24
  Use: Potion            |     1 |       |     1 |     1 |       |     1 |       |       |     5 ||     9
       Scroll            |       |     1 |     8 |    20 |    11 |     3 |     3 |     2 |     7 ||    55
 Stab: Sleeping          |     7 |     2 |    11 |     4 |    15 |    13 |    17 |    37 |    19 ||   125
       Distracted        |       |       |       |     2 |       |       |     2 |     6 |     5 ||    15
Armor: Leather armour    |    34 |    33 |    80 |    24 |       |       |       |       |       ||   171
       Robe              |       |       |       |    57 |    90 |       |       |       |       ||   147
       Shadow dragon sca |       |       |       |       |   241 |   316 |   488 |   506 |   496 ||  2047
       Crystal plate arm |       |       |       |       |       |    61 |       |       |       ||    61
Dodge: Dodged            |    57 |    87 |   136 |   214 |   353 |   200 |   282 |   318 |   335 ||  1982
Block: Buckler           |       |       |       |    87 |       |       |       |       |       ||    87
       Kite shield       |       |       |       |    27 |   823 |   857 |  1047 |  1223 |  1064 ||  5041
       Reflection        |       |       |       |       |    56 |   104 |    45 |     8 |    24 ||   237
       Rpst.: Falchion   |       |       |    38 |    59 |    38 |       |       |       |       ||   135
       Demon blade       |       |       |       |       |    24 |    34 |    39 |    52 |    37 ||   186
